 Dungeon Crawl Stone Soup version 0.32-a0-953-g508020473e (webtiles) character file.

Game seed: 3489514012695001418

2 runemasterragnar the Ruffian (level 1, 0/13 HPs)
             Began as an Octopode Shapeshifter on Apr 16, 2024.
             Slain by a quokka (5 damage)
             ... on level 1 of the Dungeon.
             The game lasted 00:00:07 (37 turns).

runemasterragnar the Ruffian (Octopode Shapeshifter)  Turns: 37, Time: 00:00:07

Health: 0/13       AC:  1    Str: 13    XL:     1   Next: 30%
Magic:  1/1        EV: 12    Int: 12    God:
Gold:   0          SH:  0    Dex: 11    Spells: 0/0 levels left

rFire   . .          .
                       - Unarmed
rCold   . . .        (no shield)
rNeg    . . .        (helmet currently unavailable)
rPois   .            (no amulet)
rElec   .            (no ring)
rCorr   .            (no ring)
SInv    .            (no ring)
Will    .....        (no ring)
Stlth   ++           (no ring)
HPRegen 0.22/turn    (no ring)
MPRegen 0.07/turn    (no ring)
                     (no ring)

%: no passive effects
@: beast-form
A: beast (slay +1), almost no armour, amphibious, 8 rings, camouflage 1,
gelatinous body 1, (nimble swimmer 1), tentacles
a: Begin Untransformation


You were on level 1 of the Dungeon.
You were a hulking beast.
You visited 1 branch of the dungeon, and saw 1 of its levels.

Inventory:

Talismans
 b - a beast talisman (active)
 c - a flux talisman
Potions
 a - a potion of lignification


   Skills:
 * Level 1.0 Fighting
 + Level 2.0 Dodging
 + Level 0.1 Stealth
 * Level 3.0 Unarmed Combat
 + Level 3.0 Shapeshifting


You couldn't memorise any spells.
You didn't know any spells.
Your spell library was empty.

Dungeon Overview and Level Annotations

Branches:
Dungeon (1/15)

Altars:

Shops:
D:1 [


Innate Abilities, Weirdness & Mutations

You are a hulking beast.
Your limbs bulge with bestial killing power. (Slay +1)
You cannot wear most types of armour.
You are amphibious.
You can wear up to eight rings at the same time.
Your skin changes colour to match your surroundings (Stealth+).
Your rubbery body absorbs attacks. (AC +1, EV +1)
((You are camouflaged when in or above water. (Stealth+)))
You have tentacles for arms and can constrict up to eight enemies at once.


Message History

A kobold is nearby!
There is an entrance to Zugeme's Antique Armour Shop here.
A kobold is nearby!
The helpless kobold fails to defend itself.
You tentacle-slap the kobold. Your grab misses the kobold.
The kobold is moderately wounded.
The kobold closely misses you.
You closely miss the kobold. You grab the kobold.
The kobold is moderately wounded.
You constrict the kobold.
You kill the kobold!
Found a whip.
A goblin comes into view. It is wielding a +0 club.
A goblin is nearby!
A quokka comes into view.
Found 10 gold pieces.
There are monsters nearby!
A bat comes into view.
There are monsters nearby!
Found a book of the Earth.
The quokka bites you.
You barely miss the quokka. Your grab misses the quokka.
The goblin barely misses you. The quokka closely misses you.
There are monsters nearby!
You tentacle-slap the quokka. Your grab misses the quokka.
Your squeeze misses the quokka.
The quokka is almost dead.
The goblin closely misses you. The quokka bites you.
There are monsters nearby!
You closely miss the quokka. Your grab misses the quokka.
The quokka is almost dead.
The quokka closely misses you. The goblin hits you with a +0 club.
You are too injured to fight recklessly!
There are monsters nearby!
You are too injured to fight recklessly!
There are monsters nearby!
You are too injured to fight recklessly!
You are too injured to fight recklessly!
You closely miss the goblin. Your grab misses the goblin.
Your tentacle-slap misses the goblin.
The quokka bites you.
You die...

########...♣♣♣♣♣.♣♣♣♣♣..
..............⌠.<.⌠.....
...........♣♣♣♣♣.♣♣♣♣♣..
...........# ♣⌠♣
...........##♣♣♣.♣
..................
......)...........
..........#######.
.........h# .#
.......rg# ........#
......... .........
...$...... .b....##..
...:.. ...


You could see a quokka, a goblin and a bat (asleep).

Vanquished Creatures
  A kobold (D:1)
  A bat (D:1)
2 creatures vanquished.

Notes
Turn   | Place    | Note
-------+----------+-------------------------------------------
     0 | D:1      | runemasterragnar the Octopode Shapeshifter began the quest
                  | for the Orb.
     0 | D:1      | Reached XP level 1. HP: 13/13 MP: 1/1
     4 | D:1      | Found Zugeme's Antique Armour Shop.
    37 | D:1      | Slain by a quokka

Illustrated notes

Levels and vault maps discovered:
D:1:      scummos_arrival_forest, layout_basic, serial_shops,
          nicolae_shop_competitors_out_of_business, minmay_misc_feat_diagonals,
          minmay_tetromino_s2

Action                     || total
---------------------------++-------
  Melee: Unarmed           ||     7
         Constrict         ||     2
         Tentacles         ||     1
   Stab: Sleeping          ||     1
 Armour: Skin              ||     4
  Dodge: Dodged            ||     6

Table legend: (Time is in decaauts)
 A = Elapsed time spent in this place.
 B = Non-inter-level travel time spent in this place.
 C = Inter-level travel time spent in this place.
 D = Time resting spent in this place.
 E = Time spent auto-exploring this place.
 F = Levels seen in this place.
 G = Mean time per level.
                   A        B        C        D        E       F      G
               +--------+--------+--------+--------+--------+-----+--------+
         Total |     36 |     36 |      0 |      0 |     17 |   1 |   36.0 |
       Dungeon |     36 |     36 |      0 |      0 |     17 |   1 |   36.0 |
               +--------+--------+--------+--------+--------+-----+--------+

Top non-repeatable levels by time:
     D:1: 36 daAuts
